 Zot Defence DCSS version 0.15-b1-63-g828a17f (webtiles) character file.

1415 Sachiko the Hoplite (level 8, -10/73 HPs)
             Began as a Minotaur Fighter on Aug 13, 2014.
             Killed by an exploding giant spore (18 damage)
             ... summoned by the player character
             ... set off by their pet
             ... in the Realm of Zot (Scenario I: Hall of Zot).
             The game lasted 00:08:02 (913 turns).

Sachiko the Hoplite (Minotaur Fighter)               Turns: 913, Time: 00:08:02

HP -10/73        AC  7     Str 23      XL: 8   Next: 43%
MP   3/3         EV  8     Int  5      God:
Gold 0           SH  0     Dex 10      Spells:  0 memorised,  7 levels left

rFire  . . .     SeeInvis .     a - +0 long sword
rCold  . . .     Clarity  .     b - +0 scale mail
rNeg   . . .     rCorr    .     c - +0 shield
rPois  .         rRot     .     (helmet restricted)
rElec  .         Spirit   .     (no cloak)
SustAb .         Warding  .     (no gloves)
rMut   .         Stasis   .     (no boots)
Gourm  .                        (no amulet)
MR     .....                    (no ring)
                                (no ring)

@: confused, exhausted, slowed, very slow, not resistant to hostile
enchantments, extremely unstealthy
A: retaliatory headbutt, horns 2
a: Make oklob sapling, Make arrow trap, Make plant, Remove Curse, Make burning
bush, Make altar, Make grenades, Make oklob plant, Make net trap


You were in the Realm of Zot.
You were not hungry.

You visited 1 branch

Inventory:

Hand weapons
 a - a +0 long sword (weapon)
Armour
 b - a +0 scale mail (worn)
 c - a +0 shield (worn)
Comestibles
 f - a bread ration
Scrolls
 k - a scroll of blinking
Potions
 e - a potion of might
 h - a potion of haste
 i - 2 potions of magic


   Skills:
 + Level 7.1 Fighting
 + Level 5.8 Long Blades
 + Level 7.2 Armour
 + Level 8.0 Shields


You had 7 spell levels left.
You didn't know any spells.

Dungeon Overview and Level Annotations

Branches:
    Zot (1/1)

Altars:


Innate Abilities, Weirdness & Mutations

You reflexively headbutt those who attack you in melee.
You have a pair of horns on your head.


Message History

The giant frog appears confused.
The explosion of spores engulfs the giant frog.
The giant frog dies!
The explosion of spores engulfs your oklob sapling.
The spiny frog appears confused.
The explosion of spores engulfs the spiny frog.
The spiny frog dies!
Your Fighting skill increases to level 7!
Your Armour skill increases to level 7!
Your Shields skill increases to level 8!
The explosion of spores engulfs you!
You are confused.
* * * LOW HITPOINT WARNING * * *
The explosion of spores engulfs your giant spore.
Your giant spore explodes!
The explosion of spores engulfs your oklob sapling.
Your oklob sapling is destroyed!
The explosion of spores engulfs you!
You are more confused.
You die...

▓▓▓▓▓▓▓▓ ▓▓▓▓▓▓▓▓ ....▓▓▓▓
▓▓▓▓.... .......▓▓▓ ▓▓▓.......
.........▓▓ ▓▓.........
..........▓ ▓▓▓▓▓▓▓▓▓ ▓..........
..........▓▓▓.......▓▓▓..........
..........▓▓.........▓▓..........
..........▓....F%)....▓..........
..........^)F.%)@)..))^..........
..........▓....).)....▓..........
..........▓▓.........▓▓..........
..........▓▓▓.......▓▓▓..........
..........# ▓▓▓▓▓▓▓▓▓ #..........
.........## ##.........
.......### ###....... ....####
####.... ######### #########


You could see a blink frog and a giant frog.

Vanquished Creatures
  A spiny frog (Zot)
  A blink frog (Zot)
  4 green rats (Zot)
  A giant mite (Zot)
  2 worms (Zot)
  2 oozes (Zot)
  2 ball pythons (Zot)
  5 bats (Zot)
  3 hobgoblins (Zot)
  2 giant newts (Zot)
  8 goblins (Zot)
  2 kobolds (Zot)
  A rat (Zot)
34 creatures vanquished.

Vanquished Creatures (collateral kills)
  A spiny frog (Zot)
  A giant frog (Zot)
  An oklob sapling (Zot)
  An iguana (Zot)
  An adder (Zot)
  A green rat (Zot)
  2 giant geckos (Zot)
  3 orcs (Zot)
  4 bats (Zot)
  A giant cockroach (Zot)
  2 hobgoblins (Zot)
  2 jackals (Zot)
  6 kobolds (Zot)
  3 ball pythons (Zot)
  2 giant newts (Zot)
  9 goblins (Zot)
  4 rats (Zot)
44 creatures vanquished.

Vanquished Creatures (others)
  An orc (Zot)
  3 kobolds (Zot)
  3 goblins (Zot)
  2 rats (Zot)
9 creatures vanquished.

Grand Total: 87 creatures vanquished

Notes
Turn   | Place    | Note
--------------------------------------------------------------
     0 | Zot      | Sachiko, the Minotaur Fighter, began the quest for the Orb.
     0 | Zot      | Reached XP level 1. HP: 19/19 MP: 1/1
   209 | Zot      | Reached XP level 2. HP: 25/27 MP: 1/1
   224 | Zot      | Reached skill level 4 in Shields
   314 | Zot      | Reached XP level 3. HP: 33/33 MP: 2/2
   515 | Zot      | Reached XP level 4. HP: 39/41 MP: 2/2
   651 | Zot      | Reached skill level 5 in Fighting
   651 | Zot      | Reached skill level 5 in Shields
   651 | Zot      | Reached XP level 5. HP: 17/48 MP: 2/2
   660 | Zot      | Reached skill level 5 in Armour
   841 | Zot      | Reached XP level 6. HP: 52/56 MP: 3/3
   890 | Zot      | Noticed a blink frog
   899 | Zot      | Noticed a spiny frog
   899 | Zot      | Killed a blink frog
   899 | Zot      | Reached skill level 6 in Shields
   906 | Zot      | Noticed a spiny frog
   907 | Zot      | Killed a spiny frog
   907 | Zot      | Reached skill level 5 in Long Blades
   907 | Zot      | Reached skill level 7 in Shields
   907 | Zot      | Reached XP level 7. HP: 24/64 MP: 3/3
   907 | Zot      | Reached XP level 8. HP: 26/71 MP: 3/3
   912 | Zot      | Noticed a blink frog
   913 | Zot      | Killed a spiny frog
   913 | Zot      | Reached skill level 8 in Shields
   913 | Zot      | Killed by an exploding giant spore... set off by their pet

Action                   |  1- 3 |  4- 6 |  7- 9 || total
-------------------------+-------+-------+-------++-------
Melee: Long sword        |    32 |    59 |     1 ||    92
 Abil: Make oklob saplin |     1 |       |       ||     1
       Make arrow trap   |     2 |       |       ||     2
       Make grenades     |       |       |     1 ||     1
  Use: Potion            |       |     5 |       ||     5
 Stab: Distracted        |       |     1 |       ||     1
